AoeStats
← [Massa] Edo

Black Forest

506985378Analyzed
3v3 RM · 15d ago on Sep 16, 2026· 55m 7s· 6 players
Game mode
Random Map
Map size
Normal (6 player)
Population
200
Speed
Normal
Resources
Standard
Victory
Conquest
Starting age
Dark Age
Ending age
Imperial Age
RankedLock teamsTeams togetherTeam positionsShared explorationLock speedFull tech treeHidden civsTurbo modeCheats
Victory
Defeat
🇰🇷 Italians · South Korea
1453
+17
🇺🇸 Khmer · United States
1399
+19
🇺🇸 Romans · United States
1356
+20
🇺🇸 Celts · United States
1484
-20
🇧🇷 Goths · Brazil
1481
-19
🇧🇷 Tatars · Brazil
1425
-17
Vedette87
2:17 Loom
13:10 Feudal Age
17:04 Castle Age
15:15 Stone Mining
17:27 Gold Mining
17:38 Double-Bit Axe
25:27 Imperial Age
22:52 Horse Collar
26:52 Bow Saw
31:50 Wheelbarrow
32:27 Stone Shaft Mining
32:28 Gold Shaft Mining
31:57 Heavy Plow
33:22 Fortified Wall
34:48 Hand Cart
38:30 Onager
38:52 Onager
39:33 Onager
40:23 Fletching
41:01 Ballistics
41:46 Bodkin Arrow
41:47 Heavy Scorpion
43:40 Chemistry
45:26 Siege Engineers
48:40 Conscription
49:51 Double Crossbow
53:04 Masonry
52:59 Capped Ram
54:12 Bracer
54:39 Siege Ram
BuffDuck
7:03 Loom
9:21 Feudal Age
11:38 Double-Bit Axe
11:38 Man-at-Arms
15:39 Gold Mining
15:30 Horse Collar
16:53 Fletching
18:03 Padded Archer Armor
23:32 Castle Age
23:22 Scale Mail Armor
23:32 Forging
23:46 Stone Mining
23:34 Long Swordsman
24:15 Squires
23:41 Crossbowman
23:42 Elite Skirmisher
24:28 Bodkin Arrow
26:02 Chain Mail Armor
31:38 Wheelbarrow
30:49 Town Watch
32:27 Bow Saw
32:18 Heavy Plow
34:23 Hand Cart
34:30 Forging
38:08 Imperial Age
38:34 Iron Casting
38:13 Legionary
40:15 Blast Furnace
39:37 Conscription
39:25 Ballistas
40:55 Heavy Scorpion
44:19 Comitatenses
50:05 Onager
53:40 Town Patrol
53:08 Capped Ram
jetty8282-한국인
0:33 Loom
11:44 Feudal Age
18:01 Castle Age
15:59 Double-Bit Axe
17:11 Horse Collar
19:02 Bow Saw
19:27 Heavy Plow
22:42 Gold Mining
23:45 Stone Mining
27:10 Wheelbarrow
31:23 Imperial Age
28:52 Fletching
29:30 Padded Archer Armor
30:21 Stone Shaft Mining
30:01 Bodkin Arrow
30:44 Ballistics
31:18 Leather Archer Armor
31:56 Hand Cart
32:20 Bracer
33:22 Chemistry
33:24 Two-Man Saw
32:34 Masonry
33:12 Crop Rotation
33:06 Conscription
33:57 Ring Archer Armor
33:43 Treadmill Crane
34:24 Guilds
34:32 Elite Genoese Crossbowman
35:37 Thumb Ring
36:20 Silk Road
36:21 Pirotechnia
39:10 Hoardings
40:35 Caravan
41:07 Coinage
42:02 Fortified Wall
43:03 Bombard Tower
42:55 Masonry
el_Feist
1:33 Loom
10:57 Feudal Age
14:36 Castle Age
14:18 Double-Bit Axe
14:14 Horse Collar
15:43 Heavy Plow
19:44 Wheelbarrow
27:03 Imperial Age
25:46 Loom
27:26 Bow Saw
27:14 Capped Ram
28:01 Siege Ram
28:42 Pikeman
29:24 Scale Mail Armor
31:03 Chain Mail Armor
30:59 Forging
30:10 Man-at-Arms
30:36 Gambesons
33:41 Plate Mail Armor
32:48 Long Swordsman
34:05 Iron Casting
34:23 Two-Handed Swordsman
34:29 Onager
35:12 Two-Handed Swordsman
38:41 Blast Furnace
37:08 Champion
40:40 Gold Mining
40:41 Stone Mining
42:33 Caravan
42:33 Siege Onager
43:39 Siege Engineers
45:51 Chemistry
45:02 Masonry
44:47 Fletching
45:57 Furor Celtica
46:23 Heavy Scorpion
47:57 Fortified Wall
48:00 Halberdier
49:36 Hand Cart
[Massa] Edo
0:43 Loom
9:04 Feudal Age
11:06 Man-at-Arms
12:10 Double-Bit Axe
13:38 Horse Collar
16:55 Wheelbarrow
21:15 Castle Age
19:52 Gold Mining
19:53 Stone Mining
22:17 Bow Saw
22:09 Heavy Plow
22:46 Stone Shaft Mining
27:34 Fervor
27:45 Sanctity
31:11 Imperial Age
29:11 Scale Mail Armor
29:21 Forging
29:14 Squires
31:04 Chain Mail Armor
31:25 Iron Casting
31:26 Anarchy
32:19 Conscription
34:06 Blast Furnace
35:36 Hand Cart
37:04 Two-Man Saw
36:48 Caravan
38:39 Perfusion
39:23 Crop Rotation
38:41 Town Watch
40:17 Elite Huskarl
43:11 Chemistry
43:07 Onager
44:25 Masonry
48:27 Fletching
49:57 Ballistics
49:33 Murder Holes
50:09 Architecture
49:35 Bodkin Arrow
49:41 Padded Archer Armor
49:56 Elite Skirmisher
52:57 Leather Archer Armor
tg
1:45 Loom
13:04 Feudal Age
15:05 Fletching
18:35 Padded Archer Armor
19:09 Double-Bit Axe
41:24 Castle Age
42:49 Wheelbarrow
54:11 Bow Saw
Connection lost

Rejoining the realm…

Still unreachable

The connection could not be restored.

Session expired

The server has moved on; the page needs a fresh start.